TOP OF THE 1ST |
John Jay HS Patriots batting - Pitching for Maris School : RHP Denny Griffin
|
Pitching: RHP Denny Griffin
|
|
Batting: SHB Theodore Cook
|
0-0: Ball 1-0: Bunt for hit - play at first, batter safe!
|
Batting: RHB Carlos Salas
|
0-0: Called Strike 0-1: Ball 1-1: Foul Ball, location: 2F 1-2: DOUBLE (Line Drive, 7LM) Theodore Cook to third Theodore Cook scores
|
Batting: RHB Esteban Concepción
|
0-0: Ball 1-0: Ball 2-0: Fly out, F6 (Popup, 6D)
|
Batting: RHB Micheal Banks
|
0-0: Ground out 1-3 (Groundball, 25)
|
Batting: RHB Marlon Hernández
|
0-0: Ball 1-0: Called Strike 1-1: Ball 2-1: DOUBLE (Flyball, 78M) Carlos Salas scores
|
Batting: RHB Jason Taylor
|
0-0: Swinging Strike 0-1: Ball 1-1: Reached on error, E5 (Groundball, 5) Marlon Hernández to third
|
Batting: RHB Robert Porter
|
0-0: Ball 1-0: Foul Ball, location: 2F 1-1: Called Strike 1-2: Strikes out swinging
|
Top of the 1st over - 2 run(s), 3 hit(s), 1 error(s), 2 left on base; John Jay HS 2 - Maris School 0 |
BOTTOM OF THE 1ST |
Maris School batting - Pitching for John Jay HS Patriots : RHP Rafael Zarate
|
Pitching: RHP Rafael Zarate
|
|
Batting: RHB Jason Ward
|
0-0: Ball 1-0: Ball 2-0: Called Strike 2-1: Swinging Strike 2-2: Fly out, F8 (Flyball, 8RM)
|
Batting: RHB John Scammell
|
0-0: Foul Ball, location: 2F 0-1: Swinging Strike 0-2: Ball 1-2: Ball 2-2: Ball 3-2: Fly out, F9 (Flyball, 89M)
|
Batting: RHB Dan Duckworth
|
0-0: Ball 1-0: Ground out 6-3 (Groundball, 6)
|
Bottom of the 1st over - 0 run(s), 0 hit(s), 0 error(s), 0 left on base; John Jay HS 2 - Maris School 0 |
TOP OF THE 2ND |
John Jay HS Patriots batting - Pitching for Maris School : RHP Denny Griffin
|
Batting: LHB Tim Griffith
|
0-0: Ball 1-0: Called Strike 1-1: Ball 2-1: Foul Ball, location: 2F 2-2: SINGLE (Line Drive, 56)
|
Batting: SHB Karl Webster
|
0-0: Foul Ball, location: 2F 0-1: Called Strike 0-2: SINGLE (Line Drive, 8LS) Tim Griffith to second
|
Batting: SHB Theodore Cook
|
0-0: Ball 1-0: Foul Ball, location: 2F 1-1: Ball 2-1: Ball 3-1: Base on Balls Tim Griffith to third Karl Webster to second
|
Batting: RHB Carlos Salas
|
0-0: Ball 1-0: Ball 2-0: Ball 3-0: Base on Balls Tim Griffith scores Karl Webster to third Theodore Cook to second
|
Batting: RHB Esteban Concepción
|
0-0: Swinging Strike 0-1: SINGLE (Line Drive, 7S) Karl Webster scores Theodore Cook to third Carlos Salas to second
|
Batting: RHB Micheal Banks
|
0-0: Ball Wild Pitch! Theodore Cook scores Carlos Salas to third Esteban Concepción to second 1-0: Ball 2-0: Ball 3-0: Base on Balls
|
Batting: RHB Marlon Hernández
|
0-0: Ball 1-0: Foul Ball, location: 2F 1-1: Foul Ball, location: 2F 1-2: Ball 2-2: Ball 3-2: Base on Balls Carlos Salas scores Esteban Concepción to third Micheal Banks to second
|
Batting: RHB Jason Taylor
|
0-0: Ball 1-0: Ball 2-0: Ball 3-0: Called Strike 3-1: Foul Ball, location: 2F 3-2: Base on Balls Esteban Concepción scores Micheal Banks to third Marlon Hernández to second
|
Batting: RHB Robert Porter
|
0-0: SINGLE (Groundball, 56D) Micheal Banks scores Marlon Hernández to third Jason Taylor to second Runner from 3rd tries for Home, throw and OUT! Jason Taylor to third Robert Porter to second
|
Pitching: RHP Gabriel Mills
|
|
Batting: LHB Tim Griffith
|
0-0: Called Strike 0-1: Swinging Strike 0-2: Ball 1-2: Reached on error, E5 (Groundball, 5S) Jason Taylor scores Robert Porter to third
|
Batting: SHB Karl Webster
|
0-0: Called Strike 0-1: Foul Ball, location: 2F 0-2: Ball 1-2: Strikes out swinging
|
Batting: SHB Theodore Cook
|
0-0: Ball 1-0: Called Strike 1-1: Ground out 4-3 (Groundball, 34)
|
Top of the 2nd over - 7 run(s), 4 hit(s), 1 error(s), 2 left on base; John Jay HS 9 - Maris School 0 |
BOTTOM OF THE 2ND |
Maris School batting - Pitching for John Jay HS Patriots : RHP Rafael Zarate
|
Batting: LHB Denny Poole
|
0-0: Swinging Strike 0-1: Foul Ball, location: 2F 0-2: Ball 1-2: Ball 2-2: Ground out 3-1 (Groundball, 34)
|
Batting: RHB Denis Miller
|
0-0: Called Strike 0-1: Ground out 4-3 (Groundball, 4)
|
Batting: RHB Bruce Adams
|
0-0: Called Strike 0-1: Foul Ball, location: 2F 0-2: Ball 1-2: Strikes out swinging
|
Bottom of the 2nd over - 0 run(s), 0 hit(s), 0 error(s), 0 left on base; John Jay HS 9 - Maris School 0 |
TOP OF THE 3RD |
John Jay HS Patriots batting - Pitching for Maris School : RHP Gabriel Mills
|
Batting: RHB Carlos Salas
|
0-0: Ball 1-0: Fly out, F9 (Flyball, 9LM)
|
Batting: RHB Esteban Concepción
|
0-0: Ball 1-0: Swinging Strike 1-1: Foul Ball, location: 2F 1-2: Ball 2-2: Ball 3-2: Foul Ball, location: 2F 3-2: Base on Balls
|
Batting: RHB Micheal Banks
|
0-0: Called Strike 0-1: Ball 1-1: Foul Ball, location: 2F 1-2: Strikes out swinging
|
Batting: RHB Marlon Hernández
|
0-0: Called Strike 0-1: Foul Ball, location: 2F 0-2: Ball 1-2: Foul Ball, location: 2F 1-2: Ball 2-2: Foul Ball, location: 2F 2-2: 2-RUN HOME RUN (Flyball, 7D), Distance : 404 ft
|
Batting: RHB Jason Taylor
|
0-0: Ball 1-0: Ball 2-0: Called Strike 2-1: Ball 3-1: Ground out 5-3 (Groundball, 5)
|
Top of the 3rd over - 2 run(s), 1 hit(s), 0 error(s), 0 left on base; John Jay HS 11 - Maris School 0 |
BOTTOM OF THE 3RD |
Maris School batting - Pitching for John Jay HS Patriots : RHP Rafael Zarate
|
Batting: RHB Marshall Normore
|
0-0: Ball 1-0: Ball 2-0: Ball 3-0: Base on Balls
|
Batting: RHB Jared Chávez
|
0-0: Ball 1-0: Called Strike 1-1: Ball 2-1: Swinging Strike 2-2: Strikes out swinging
|
Batting: RHB Ed Jackson
|
0-0: Ball 1-0: Foul Ball, location: 2F 1-1: Foul Ball, location: 2F 1-2: SINGLE (Groundball, 4M) Marshall Normore to second
|
Batting: RHB Jason Ward
|
0-0: Called Strike 0-1: Swinging Strike 0-2: Ball 1-2: SINGLE (Flyball, 8LM) Marshall Normore to third Ed Jackson to second Runner from 3rd tries for Home, SAFE, throw made home
|
Batting: RHB John Scammell
|
0-0: Called Strike 0-1: Foul Ball, location: 2F 0-2: Foul Ball, location: 2F 0-2: Ball 1-2: SINGLE (Line Drive, 34) Ed Jackson to third Jason Ward to second Runner from 3rd tries for Home, throw and OUT!
|
Batting: RHB Dan Duckworth
|
0-0: Called Strike 0-1: Called Strike 0-2: Fly out, F8 (Flyball, 8RM)
|
Bottom of the 3rd over - 1 run(s), 3 hit(s), 0 error(s), 2 left on base; John Jay HS 11 - Maris School 1 |
TOP OF THE 4TH |
John Jay HS Patriots batting - Pitching for Maris School : RHP Gabriel Mills
|
Batting: RHB Robert Porter
|
0-0: Ball 1-0: Ball 2-0: Foul Ball, location: 2F 2-1: SINGLE (Flyball, 78M)
|
Batting: LHB Tim Griffith
|
0-0: Ball 1-0: Swinging Strike 1-1: Ball 2-1: Foul Ball, location: 2F 2-2: Ball 3-2: DOUBLE (Line Drive, 8RM) Robert Porter to third Robert Porter scores
|
Batting: SHB Karl Webster
|
0-0: Swinging Strike 0-1: Ball 1-1: SINGLE (Flyball, 4MD) Tim Griffith to third
|
Batting: SHB Theodore Cook
|
0-0: Called Strike 0-1: SINGLE (Groundball, 56) Tim Griffith scores Karl Webster to second
|
Pitching: RHP Jim Forrest
|
|
Batting: RHB Carlos Salas
|
0-0: Called Strike 0-1: Ball 1-1: Ball 2-1: Ball 3-1: Foul Ball, location: 2F 3-2: Foul Ball, location: 2F 3-2: Foul Ball, location: 2F 3-2: Foul Ball, location: 2F 3-2: Strikes out swinging
|
Batting: RHB Esteban Concepción
|
0-0: Swinging Strike 0-1: Ball 1-1: Foul Ball, location: 2F 1-2: Foul Ball, location: 2F 1-2: Foul Ball, location: 2F 1-2: Ball 2-2: Ball 3-2: DOUBLE (Line Drive, 5L) Karl Webster scores Theodore Cook to third
|
Batting: RHB Micheal Banks
|
0-0: Called Strike 0-1: Ball 1-1: Ball 2-1: Ball 3-1: Base on Balls
|
Batting: RHB Marlon Hernández
|
0-0: Ball 1-0: Called Strike 1-1: Fly out, F9 (Flyball, 89M) Runner from 3rd tags up, SCORES, no throw
|
Batting: RHB Jason Taylor
|
0-0: Called Strike 0-1: 3-RUN HOME RUN (Flyball, 7LD), Distance : 361 ft
|
Batting: RHB Robert Porter
|
0-0: Ball 1-0: Reached on error, E6 (Groundball, 6)
|
Batting: LHB Tim Griffith
|
0-0: Ball Robert Porter steals 2nd base 1-0: SINGLE (Flyball, 78M) Robert Porter to third Runner from 3rd tries for Home, SAFE, no throw or cutoff
|
Pitching: LHP Zi-cheng Luo
|
|
Batting: SHB Karl Webster
|
Pickoff Throw to First - Error! E1 Tim Griffith to second 0-0: Foul Ball, location: 2F 0-1: Foul Ball, location: 2F 0-2: Foul Ball, location: 2F 0-2: Ball 1-2: Ball 2-2: Ball 3-2: Foul Ball, location: 2F 3-2: Base on Balls
|
Batting: SHB Theodore Cook
|
0-0: Called Strike 0-1: Fly out, F8 (Flyball, 8RM)
|
Top of the 4th over - 8 run(s), 7 hit(s), 2 error(s), 2 left on base; John Jay HS 19 - Maris School 1 |
BOTTOM OF THE 4TH |
Maris School batting - Pitching for John Jay HS Patriots : RHP Stanley Benson
|
Pitching: RHP Stanley Benson
|
|
Batting: LHB Denny Poole
|
0-0: Called Strike 0-1: SINGLE (Groundball, 34S)
|
Batting: RHB Denis Miller
|
0-0: Called Strike 0-1: Ground out U3 (Groundball, 3S) Denny Poole to second
|
Batting: RHB Bruce Adams
|
0-0: Called Strike 0-1: Swinging Strike 0-2: Fly out, F7 (Flyball, 7M)
|
Batting: RHB Marshall Normore
|
0-0: Called Strike 0-1: Ball 1-1: Ball 2-1: Ball 3-1: Base on Balls
|
Batting: RHB Jared Chávez
|
0-0: Ball 1-0: Ball 2-0: Ball 3-0: Called Strike 3-1: Called Strike 3-2: Base on Balls Denny Poole to third Marshall Normore to second
|
Batting: RHB Ed Jackson
|
0-0: Foul Ball, location: 2F 0-1: Foul Ball, location: 2F 0-2: Ball 1-2: Strikes out swinging
|
Bottom of the 4th over - 0 run(s), 1 hit(s), 0 error(s), 3 left on base; John Jay HS 19 - Maris School 1 |
TOP OF THE 5TH |
John Jay HS Patriots batting - Pitching for Maris School : LHP Zi-cheng Luo
|
Batting: RHB Carlos Salas
|
0-0: Called Strike 0-1: Ball 1-1: Swinging Strike 1-2: Foul Ball, location: 2F 1-2: Foul Ball, location: 2F 1-2: Foul Ball, location: 2F 1-2: SINGLE (Groundball, 56)
|
Batting: RHB Esteban Concepción
|
0-0: Ball 1-0: Called Strike 1-1: Called Strike 1-2: Foul Ball, location: 2F 1-2: Ball 2-2: Fly out, F8 (Flyball, 78M)
|
Batting: RHB Micheal Banks
|
0-0: Ball 1-0: Ball 2-0: Ball 3-0: Called Strike 3-1: Swinging Strike 3-2: Foul Ball, location: 2F 3-2: Fly out, F8 (Flyball, 8LD)
|
Batting: RHB Marlon Hernández
|
0-0: Called Strike 0-1: Ball 1-1: Fly out, F7 (Flyball, 78S)
|
Top of the 5th over - 0 run(s), 1 hit(s), 0 error(s), 1 left on base; John Jay HS 19 - Maris School 1 |
BOTTOM OF THE 5TH |
Maris School batting - Pitching for John Jay HS Patriots : RHP Stanley Benson
|
Batting: RHB Jason Ward
|
0-0: Ball 1-0: Ball 2-0: Reached on error, E6 (Groundball, 6)
|
Batting: RHB John Scammell
|
0-0: Called Strike Jason Ward is caught stealing 2nd base 0-1: Ball 1-1: Ball 2-1: Fly out, F4 (Popup, 34)
|
Batting: RHB Dan Duckworth
|
0-0: Ground out 6-3 (Groundball, 6)
|
Bottom of the 5th over - 0 run(s), 0 hit(s), 1 error(s), 0 left on base; John Jay HS 19 - Maris School 1 |
TOP OF THE 6TH |
John Jay HS Patriots batting - Pitching for Maris School : LHP Zi-cheng Luo
|
Batting: RHB Jason Taylor
|
0-0: Ball 1-0: Ground out 5-3 (Groundball, 56)
|
Batting: RHB Robert Porter
|
0-0: Ball 1-0: Called Strike 1-1: Ball 2-1: Ball 3-1: TRIPLE (Flyball, 78M)
|
Batting: LHB Tim Griffith
|
0-0: Ball 1-0: Ball 2-0: Called Strike 2-1: Ball 3-1: Base on Balls
|
Pitching: LHP Rob Grant
|
|
Batting: SHB Karl Webster
|
0-0: Foul Ball, location: 2F 0-1: Swinging Strike 0-2: Ball 1-2: Ball 2-2: Strikes out looking
|
Batting: SHB Theodore Cook
|
0-0: Ball 1-0: Called Strike 1-1: Ball 2-1: Ball 3-1: Base on Balls Tim Griffith to second
|
Batting: RHB Carlos Salas
|
0-0: Called Strike 0-1: Ball 1-1: Swinging Strike 1-2: Strikes out swinging
|
Top of the 6th over - 0 run(s), 1 hit(s), 0 error(s), 3 left on base; John Jay HS 19 - Maris School 1 |
BOTTOM OF THE 6TH |
Maris School batting - Pitching for John Jay HS Patriots : RHP Stanley Benson
|
Batting: LHB Denny Poole
|
0-0: Ball 1-0: Called Strike 1-1: Swinging Strike 1-2: Ball 2-2: Foul Ball, location: 2F 2-2: SOLO HOME RUN (Flyball, 89XD), Distance : 431 ft
|
Pitching: RHP Carl Woodward
|
|
Batting: RHB Denis Miller
|
0-0: Ball 1-0: Ball 2-0: Ball 3-0: Base on Balls
|
Batting: RHB Bruce Adams
|
0-0: Ball 1-0: Fielders Choice at 2nd, 1-6 (Groundball, 15S)
|
Batting: RHB Marshall Normore
|
0-0: Called Strike 0-1: Ball 1-1: Foul Ball, location: 2F 1-2: Fly out, F2 (Popup, 2LF)
|
Batting: RHB Jared Chávez
|
0-0: Ball 1-0: Ball 2-0: Ball 3-0: Base on Balls Bruce Adams to second
|
Batting: RHB Ed Jackson
|
0-0: Called Strike 0-1: Called Strike 0-2: Ball 1-2: Ball 2-2: Ball 3-2: Foul Ball, location: 2F 3-2: Base on Balls Bruce Adams to third Jared Chávez to second
|
Batting: RHB Jason Ward
|
0-0: Called Strike 0-1: Foul Ball, location: 2F 0-2: Strikes out swinging
|
Bottom of the 6th over - 1 run(s), 1 hit(s), 0 error(s), 3 left on base; John Jay HS 19 - Maris School 2 |
TOP OF THE 7TH |
John Jay HS Patriots batting - Pitching for Maris School : LHP Rob Grant
|
Batting: RHB Esteban Concepción
|
0-0: Called Strike 0-1: DOUBLE (Line Drive, 5L)
|
Batting: RHB Micheal Banks
|
0-0: Ball 1-0: Ball 2-0: Foul Ball, location: 2F 2-1: Called Strike 2-2: Fly out, F9 (Flyball, 9LM)
|
Batting: RHB Marlon Hernández
|
0-0: Ball 1-0: Called Strike 1-1: SINGLE (Groundball, 6MD) (infield hit) Esteban Concepción to third
|
Batting: RHB Jason Taylor
|
0-0: Ball 1-0: Called Strike 1-1: Ball 2-1: Ball 3-1: Grounds into double play, 6-4-3 (Groundball, 6)
|
Top of the 7th over - 0 run(s), 2 hit(s), 0 error(s), 1 left on base; John Jay HS 19 - Maris School 2 |
BOTTOM OF THE 7TH |
Maris School batting - Pitching for John Jay HS Patriots : RHP Carl Woodward
|
Batting: RHB John Scammell
|
0-0: Called Strike 0-1: Ground out 4-3 (Groundball, 4S)
|
Batting: RHB Dan Duckworth
|
0-0: Ball 1-0: Called Strike 1-1: Ball 2-1: Ball 3-1: Base on Balls
|
Batting: LHB Denny Poole
|
0-0: Called Strike 0-1: Ball 1-1: Foul Ball, location: 2F 1-2: Ball 2-2: Strikes out looking
|
Batting: RHB Denis Miller
|
0-0: Ball 1-0: Ball 2-0: Called Strike 2-1: Foul Ball, location: 2F 2-2: Fly out, F8 (Flyball, 8LD)
|
Bottom of the 7th over - 0 run(s), 0 hit(s), 0 error(s), 1 left on base; John Jay HS 19 - Maris School 2 |
TOP OF THE 8TH |
John Jay HS Patriots batting - Pitching for Maris School : LHP Rob Grant
|
Batting: RHB Robert Porter
|
0-0: SINGLE (Groundball, 5D)
|
Batting: LHB Tim Griffith
|
0-0: Called Strike 0-1: Foul Ball, location: 2F 0-2: Foul Ball, location: 2F 0-2: Ball 1-2: Foul Ball, location: 2F 1-2: Foul Ball, location: 2F 1-2: Strikes out looking
|
Pitching: RHP Michael Saunders
|
|
Batting: SHB Karl Webster
|
0-0: Called Strike 0-1: Called Strike 0-2: Ball Error on foul ball, E5 1-2: Strikes out swinging
|
Batting: SHB Theodore Cook
|
0-0: Called Strike 0-1: Swinging Strike 0-2: Ball 1-2: SINGLE (Flyball, 78M) Robert Porter to second
|
Batting: RHB Carlos Salas
|
0-0: Foul Ball, location: 2F 0-1: Called Strike 0-2: Strikes out looking
|
Top of the 8th over - 0 run(s), 2 hit(s), 1 error(s), 2 left on base; John Jay HS 19 - Maris School 2 |
BOTTOM OF THE 8TH |
Maris School batting - Pitching for John Jay HS Patriots : RHP Carl Woodward
|
Pitching: LHP Ernest Hutchinson
|
|
Batting: RHB Bruce Adams
|
0-0: Swinging Strike 0-1: Ball 1-1: SINGLE (Flyball, 8LS)
|
Batting: RHB Marshall Normore
|
0-0: Called Strike 0-1: Called Strike 0-2: Ball 1-2: Strikes out swinging
|
Batting: RHB Jared Chávez
|
0-0: Ball 1-0: Swinging Strike 1-1: Ball 2-1: Foul Ball, location: 2F 2-2: Strikes out looking
|
Batting: RHB Ed Jackson
|
0-0: Ball 1-0: Called Strike 1-1: Ball 2-1: Fly out, F9 (Flyball, 9M)
|
Bottom of the 8th over - 0 run(s), 1 hit(s), 0 error(s), 1 left on base; John Jay HS 19 - Maris School 2 |
TOP OF THE 9TH |
John Jay HS Patriots batting - Pitching for Maris School : RHP Michael Saunders
|
Batting: RHB Esteban Concepción
|
0-0: Ball 1-0: Ground out 4-3 (Groundball, 4)
|
Batting: RHB Micheal Banks
|
0-0: Swinging Strike 0-1: Ground out 6-3 (Groundball, 6)
|
Batting: RHB Marlon Hernández
|
0-0: Called Strike 0-1: Swinging Strike 0-2: SINGLE (Flyball, 7S)
|
Batting: RHB Jason Taylor
|
0-0: Called Strike 0-1: Ball 1-1: Ball 2-1: Foul Ball, location: 2F 2-2: Strikes out swinging
|
Top of the 9th over - 0 run(s), 1 hit(s), 0 error(s), 1 left on base; John Jay HS 19 - Maris School 2 |
BOTTOM OF THE 9TH |
Maris School batting - Pitching for John Jay HS Patriots : LHP Ernest Hutchinson
|
Now at C: Henry Catron
|
|
Now at 3B: Andre Keeler
|
|
Batting: RHB Jason Ward
|
0-0: Called Strike 0-1: Ball 1-1: Foul Ball, location: 2F 1-2: Ball 2-2: Strikes out looking
|
Pinch Hitting: RHB Wayne Scott
|
0-0: Foul Ball, location: 2F 0-1: Called Strike 0-2: Ball 1-2: Strikes out swinging
|
Batting: RHB Dan Duckworth
|
0-0: Ball 1-0: Ground out 6-3 (Groundball, 56)
|
Bottom of the 9th over - 0 run(s), 0 hit(s), 0 error(s), 0 left on base; John Jay HS 19 - Maris School 2 |
|